 Dungeon Crawl Stone Soup version 0.27-a0-1502-g47ed6a6988 (webtiles) character file.

Game seed: 7221227233171345163

8268 Spaninq the Basher (level 11, -6/110 (113) HPs)
             Began as a Troll Chaos Knight on July 8, 2021.
             Was a Plaything of Xom.
             Mangled by a two-headed ogre (20 damage)
             ... on level 10 of the Dungeon.
             The game lasted 00:29:01 (8526 turns).

Spaninq the Basher (Troll Chaos Knight)             Turns: 8526, Time: 00:29:02

HP:   -6/110 (113)  AC: 11    Str: 22 (24) XL:     11   Next: 7%
MP:   10/10         EV:  9    Int:  6 (8)  God:    Xom [..*...]
Gold: 1228          SH:  0    Dex:  7 (8)  Spells: 10/10 levels left

rFire    . . .     SeeInvis .   r - +8 giant club
rCold    . . .     Faith    .   (shield currently unavailable)
rNeg     . . .     Spirit   .   A - +0 acid dragon scales
rPois    .         Reflect  .   (helmet restricted)
rElec    .         Harm     .   f - +2 cloak
rCorr    +         Rampage  .   (gloves unavailable)
Will     .....                  (boots unavailable)
Stlth    +.........             s - amulet of the acrobat
HPRegen  1.28/turn              (no ring)
MPRegen  0.12/turn              (no ring)

@: about to teleport, lightly drained
A: large, unfitting armour, claws 3, regeneration 1, shaggy fur 1, tough skin 1,
antennae 1, hooves 1, clumsy 1, deterioration 2
a: Renounce Religion


You were on level 10 of the Dungeon.
You worshipped Xom.
You were a toy of Xom.
You visited 2 branches of the dungeon, and saw 11 of its levels.
You also visited: Sewer.

You collected 1228 gold pieces.

Inventory:

Hand Weapons
 d - a +0 whip
 i - a +5 quarterstaff of chaos
 r - a +8 giant club (weapon)
 t - a +2 morningstar
 y - a +2 hand axe of flaming
 D - the +9 flail "Z" {flame, rElec rCorr SInv Stlth+}
   (You found it on level 10 of the Dungeon)

   It has been specially enchanted to burn those struck by it, causing extra
   injury to most foes and up to half again as much damage against particularly
   susceptible opponents.
   rElec:     It insulates you from electricity.
   SInv:      It lets you see invisible.
   rCorr:     It protects you from acid and corrosion.
   Stlth:     It makes you more stealthy.
Armour
 b - a +2 robe
 f - a +2 cloak (worn)
 A - +0 acid dragon scales (worn)
Jewellery
 l - an amulet of faith
 s - an amulet of the acrobat (around neck)
Wands
 h - a wand of mindburst (27)
 p - a wand of flame (41)
Scrolls
 e - a scroll of enchant weapon
 g - a scroll of magic mapping
 n - a scroll of amnesia
 q - 5 scrolls of identify
 u - 4 scrolls of teleportation
 w - a scroll of fear
 C - 2 scrolls of silence
Potions
 a - 2 potions of attraction
 c - 8 potions of curing
 j - 3 potions of heal wounds
 k - a potion of lignification
 m - 2 potions of brilliance {unknown}
 o - a potion of might {unknown}
 v - a potion of ambrosia
 x - a potion of berserk rage {unknown}
 z - 2 potions of magic {unknown}
 B - a potion of cancellation {unknown}


   Skills:
 + Level 8.6 Fighting
 * Level 12.5 Maces & Flails
 + Level 2.4 Armour
 - Level 2.4 Dodging


You had 10 spell levels left.
You didn't know any spells.
Your spell library contained the following spells:

 Spells                   Type           Power      Damage    Failure   Level
 Corona                   Hex            0%         N/A       54%         1
 Freeze                   Ice            0%         1d3       54%         1
 Shock                    Conj/Air       0%         1d3       54%         1
 Sting                    Tmut/Pois      0%         1d3       54%         1
 Ensorcelled Hibernation  Hex/Ice        0%         N/A       67%         2
 Poisonous Vapours        Pois/Air       0%         N/A       67%         2
 Sublimation of Blood     Necr           0%         N/A       67%         2
 Wereblood                Tmut           0%         N/A       67%         2
 Frozen Ramparts          Ice            0%         1d2       88%         3
 Spider Form              Tmut/Pois      0%         N/A       88%         3
 Swiftness                Air            0%         N/A       88%         3
 Tukima's Dance           Hex            0%         N/A       88%         3
 Airstrike                Air            0%         N/A       99%         4
 Hailstorm                Conj/Ice       0%         3d3       99%         4
 Olgreb's Toxic Radiance  Pois           0%         N/A       99%         4
 Petrify                  Tmut/Erth      0%         N/A       99%         4
 Irradiate                Conj/Tmut      0%         3d13      100%        5
 Shadow Creatures         Summ           N/A        N/A       100%        6
 Summon Hydra             Summ           0%         N/A       100%        7


Dungeon Overview and Level Annotations

Branches:
Dungeon (10/15)            Temple (1/1) D:5            Lair (0/6) D:9
    Orc (0/2) D:10          Sewer (visited)

Altars:
Ashenzari
Cheibriados
Dithmenos
Elyvilon
Fedhas
Gozag
Hepliaklqana
Kikubaaqudgha
Makhleb
Nemelex Xobeh
Okawaru
Qazlal
Ru
Sif Muna
Trog
Uskayaw
Vehumet
Wu Jian
Xom
Yredelemnul
Zin
The Shining One


Innate Abilities, Weirdness & Mutations

You are too large for most types of armour.
You have claws for hands.
Your natural rate of healing is unusually fast.
You are covered in fur. (AC +1)
You have tough skin. (AC +1)
You have a pair of small antennae on your head.
You have large cloven feet.
You are clumsy. (Dex -2)
Your body often deteriorates upon taking damage.


Message History

The two-headed ogre is lightly wounded.
The two-headed ogre hits you with a +0 giant club!!
The two-headed ogre misses you.
You closely miss the two-headed ogre. You kick the two-headed ogre.
The two-headed ogre is moderately wounded.
The two-headed ogre hits you with a +0 giant club!
* * * LOW HITPOINT WARNING * * *
The two-headed ogre hits you with a +0 giant spiked club!!
* * * LOW HITPOINT WARNING * * *
You feel much better.
The two-headed ogre hits you with a +0 giant club!
* * * LOW HITPOINT WARNING * * *
Your body deteriorates!
You feel clumsy. The two-headed ogre closely misses you.
You feel much better.
You closely miss the two-headed ogre.
The two-headed ogre is moderately wounded. "Time to have some fun!"
You are now a toy of Xom.
The two-headed ogre hits you with a +0 giant club!!
* * * LOW HITPOINT WARNING * * *
Your body deteriorates!
You feel dopey.
The two-headed ogre hits you with a +0 giant spiked club!!
You die... "NOOOOOOO, not my toy!"
Xom revives you!
You feel much better.
The two-headed ogre hits you with a +0 giant club!!
* * * LOW HITPOINT WARNING * * *
Your body deteriorates!
You feel dopey. The two-headed ogre closely misses you.
The howler monkey hits you but does no damage.
You thump the two-headed ogre! Your kick misses the two-headed ogre.
The two-headed ogre is moderately wounded.
The howler monkey hoots and howls with incredible vigour!
As you read the scroll of teleportation, it crumbles to dust.
You feel strangely unstable.
The two-headed ogre hits you with a +0 giant club!!
You die...
Xom snickers!

##.#######..##.#.#######.
.....####....#...........
..8.....###..###.#######.
........###..# #K#
.........###.###K#
..>....8......##K#
.........).O..##K#
........#.....##h#
..8.....#......#@#
.....####....#.#O#
.............#.))#
........####............
##'#+### ####..####### #.
..># #. #####


You could see a two-headed ogre (agile), a kobold brigand (summoned), a howler
monkey (summoned, catching breath) and 3 kobolds.

Vanquished Creatures
  A hydra (D:8)
  Erolcha (D:9)
  A two-headed ogre (D:9)
  Psyche (D:8)
  A hornet (D:9)
  2 dream sheep (D:8)
  10 yaks
  2 acid dragons (D:9)
  A water moccasin (D:7)
  2 orc warriors
  2 sky beasts
  2 black bears
  A hornet zombie (D:9)
  A necrophage (D:6)
  2 centaurs
  2 phantoms
  6 kobold brigands
  4 bullfrogs
  3 scorpions
  A wyvern zombie (D:5)
  A water moccasin zombie (D:6)
  6 killer bees (D:8)
  9 wights
  3 howler monkeys
  A centaur zombie (D:10)
  3 hounds
  An orc priest (D:9)
  3 centaur skeletons
  A gnoll shaman (D:4)
  2 iguanas
  8 orc wizards
  A hound skeleton (D:2)
  A howler monkey zombie (D:7)
  10 adders
  10 gnolls
  7 river rats (Sewer)
  A white imp (D:6)
  An adder skeleton (D:4)
  4 worms
  3 dart slugs
  21 orcs
  12 ball pythons
  2 endoplasms (D:4)
  5 giant cockroaches
  2 goblins
  12 hobgoblins
  5 jackals
  19 kobolds
  3 quokkas
  2 bats
  7 frilled lizards
  38 rats
250 creatures vanquished.

Vanquished Creatures (collateral kills)
  A yak (D:6)
  Crazy Yiuf (D:2)
2 creatures vanquished.

Grand Total: 252 creatures vanquished

Notes
Turn   | Place    | Note
-------+----------+-------------------------------------------
     0 | D:1      | Spaninq the Troll Chaos Knight began the quest for the Orb.
     0 | D:1      | Reached XP level 1. HP: 22/22 MP: 0/0
   160 | D:1      | XOM: silly message
   286 | D:1      | Reached XP level 2. HP: 29/29 MP: 1/1
   369 | D:1      | Found a faded altar of an unknown god.
   379 | D:1      | XOM: silly message
   432 | D:1      | Reached skill level 3 in Maces & Flails
   822 | D:2      | Reached XP level 3. HP: 36/36 MP: 2/2
  1015 | D:2      | XOM: 1-stop teleportation journey
  1127 | D:2      | XOM: give mutations
  1127 | D:2      | Gained mutation: You have a pair of small antennae on your
                  | head. [Xom's mischief]
  1127 | D:2      | Gained mutation: Your body sometimes deteriorates upon
                  | taking damage. [Xom's mischief]
  1412 | D:2      | XOM: summons 1 hostile demon
  1527 | D:2      | Reached XP level 4. HP: 35/45 MP: 3/3
  1551 | D:2      | HP: 2/45 [gnoll (12)]
  1552 | D:2      | XOM: enchant monster (good)
  1561 | D:2      | Reached skill level 4 in Maces & Flails
  1593 | D:2      | Found a runed translucent door.
  1595 | D:2      | Noticed Crazy Yiuf
  1605 | D:2      | Killed Crazy Yiuf
  1621 | D:2      | XOM: god gift: scroll labelled CAUGGYH HOGU {god gift}
  1757 | D:2      | XOM: god gift: bronze wand {god gift}
  1884 | D:3      | Found a hide-covered altar of Uskayaw.
  2032 | D:3      | Reached XP level 5. HP: 53/53 MP: 4/4
  2138 | D:3      | Found an ancient bone altar of Kikubaaqudgha.
  2619 | D:3      | XOM: summons 3 hostile demons
  2715 | D:4      | Found a glowing drain.
  2722 | D:4      | XOM: confusion (+ monsters)
  2734 | Sewer    | Entered a sewer
  2813 | Sewer    | Reached skill level 5 in Maces & Flails
  2813 | Sewer    | Reached XP level 6. HP: 62/62 MP: 5/5
  2844 | Sewer    | XOM: silly message
  2957 | Sewer    | XOM: confuse monster(s)
  3284 | D:4      | Noticed a sky beast
  3295 | D:4      | Reached XP level 7. HP: 70/70 MP: 6/6
  3303 | D:4      | Reached skill level 6 in Maces & Flails
  3420 | D:4      | XOM: god gift: 2 white potions {god gift}
  3571 | D:4      | XOM: enchant monster (bad)
  3836 | D:5      | Entered Level 5 of the Dungeon
  3875 | D:5      | Reached skill level 7 in Maces & Flails
  4027 | D:5      | Identified a scroll of acquirement
  4027 | D:5      | Acquired a +8 giant club
  4038 | D:5      | Found a staircase to the Ecumenical Temple.
  4050 | Temple   | Entered the Ecumenical Temple
  4319 | D:5      | Reached skill level 5 in Fighting
  4319 | D:5      | Reached XP level 8. HP: 80/80 MP: 7/7
  4372 | D:5      | XOM: cleaving
  4614 | D:6      | XOM: 1-stop teleportation journey
  4647 | D:6      | XOM: give mutation
  4647 | D:6      | Gained mutation: Your body often deteriorates upon taking
                  | damage. [Xom's mischief]
  4781 | D:6      | XOM: summons 3 friendly demons
  4783 | D:6      | Reached skill level 8 in Maces & Flails
  4789 | D:6      | XOM: stat loss: -1 Int (7/8)
  4792 | D:6      | XOM: confusion (+ monsters)
  4807 | D:6      | XOM: confusion
  4808 | D:6      | Reached skill level 9 in Maces & Flails
  4815 | D:6      | Reached XP level 9. HP: 89/89 MP: 8/8
  4963 | D:6      | XOM: summons 2 hostile demons
  4994 | D:6      | XOM: cleaving
  5382 | D:6      | XOM: give mutation
  5382 | D:6      | Gained mutation: You have large cloven feet. [Xom's grace]
  5602 | D:7      | Reached skill level 10 in Maces & Flails
  6216 | D:7      | XOM: cloud trail
  6557 | D:8      | XOM: potion effect (invisibility)
  6702 | D:8      | Noticed Psyche
  6714 | D:8      | Killed Psyche
  6757 | D:8      | XOM: confusion
  6786 | D:8      | Reached skill level 11 in Maces & Flails
  6786 | D:8      | Reached XP level 10. HP: 102/102 MP: 9/9
  6791 | D:8      | Noticed a three-headed hydra
  6796 | D:8      | Killed a one-headed hydra
  6849 | D:8      | XOM: cloud trail
  7110 | D:9      | Found a sparkling altar of Nemelex Xobeh.
  7189 | D:9      | Noticed a two-headed ogre
  7190 | D:9      | XOM: summons friendly iron imp
  7192 | D:9      | XOM: summons 2 friendly demons
  7194 | D:9      | Killed a two-headed ogre
  7346 | D:9      | XOM: divination: detect items
  7349 | D:9      | XOM: cast spell 'Cause Fear'
  7352 | D:9      | Reached skill level 12 in Maces & Flails
  7424 | D:9      | Noticed Erolcha
  7435 | D:9      | Killed Erolcha
  7436 | D:9      | Reached skill level 1 in Armour
  7473 | D:9      | XOM: cast spell 'Death Channel'
  7581 | D:9      | XOM: cast spell 'Summon Hydra'
  7651 | D:9      | Paralysed by a hornet for 1 turns
  7656 | D:9      | XOM: confuse monster(s)
  7673 | D:9      | Reached XP level 11. HP: 54/113 MP: 10/10
  7870 | D:9      | Found a staircase to the Lair.
  7884 | D:9      | XOM: god gift: 796 gold pieces
  7989 | D:9      | XOM: scenery: summon butterflies
  7994 | D:9      | XOM: god gift: +2 great sword of distortion
  8032 | D:9      | XOM: summons friendly shadow imp
  8134 | D:10     | Entered Level 10 of the Dungeon
  8153 | D:10     | Found a shimmering blue altar of Sif Muna.
  8194 | D:10     | XOM: give mutations
  8194 | D:10     | Gained mutation: You are clumsy. (Dex -2) [Xom's mischief]
  8194 | D:10     | Lost mutation: You are clumsy. (Dex -2) [Xom's mischief]
  8194 | D:10     | Gained mutation: You are clumsy. (Dex -2) [Xom's mischief]
  8264 | D:10     | Identified the +9 flail "Z" {flame, rElec rCorr SInv
                  | Stlth+}
  8431 | D:10     | Noticed a two-headed ogre
  8492 | D:10     | Found a staircase to the Orcish Mines.
  8500 | D:10     | XOM: enchant monster (bad)
  8520 | D:10     | HP: 5/110 [two-headed ogre (22)]
  8523 | D:10     | XOM: summons 2 hostile shadow creatures
  8523 | D:10     | Xom revived you
  8526 | D:10     | Mangled by a two-headed ogre

Illustrated notes

Levels and vault maps discovered:
D:1:      lightli_arrival_lavapool, layout_loops_ring,
          chequers_ecumenical_altar_lobes, st_stairs_11,
          chequers_serial_rivers_small_3, minmay_bisected
D:2:      layout_basic, minmay_rat_hole, uniq_crazy_yiuf_cottage
D:3:      layout_basic, mainiacjoe_overflow_catwalk_spiral
D:4:      layout_loops_ring, cheibrodos_sewer_entry_sluice, serial_glass,
          glass_columns_a, glass_columns_c, glass_columns_b, glass_columns_a,
          glass_columns_b, glass_columns_a, glass_columns_a, glass_columns_b,
          glass_columns_a, glass_columns_a
D:5:      layout_rooms, minmay_temple_entry_statues_fountains
D:6:      layout_basic
D:7:      layout_basic
D:8:      layout_basic, hangedman_ranch, uniq_psyche
D:9:      layout_cave_pods, lemuel_doored_altar, lair_entry_dummy, uniq_erolcha
D:10:     layout_basic, lemuel_blue_sif_altar, david_orc_2, corexii_checkpoint_a
Temple:   hc_temple_tempest_star

Skill      XL: |  1  2  3  4  5  6  7  8  9 10 |
---------------+-------------------------------+-----
Dodging        | 2 |  2.4
Maces & Flails | 3 4 5 7 9 11 12 | 12.5
Fighting       | 3 4 5 6 7 8 |  8.6
Armour         | 2 |  2.4

Action                   |  1- 3 |  4- 6 |  7- 9 | 10-12 || total
-------------------------+-------+-------+-------+-------++-------
Melee: Mace              |   165 |    13 |       |       ||   178
       Quarterstaff      |       |   174 |    81 |       ||   255
       Whip              |       |     5 |       |       ||     5
       Giant club        |       |       |   150 |   124 ||   274
       Kick              |       |       |     9 |    32 ||    41
       Hand axe          |       |       |       |     3 ||     3
  Use: Scroll            |       |    10 |     8 |     2 ||    20
       Potion            |       |     3 |     1 |     3 ||     7
 Stab: Sleeping          |     2 |       |     1 |       ||     3
       Paralysed         |       |     1 |       |       ||     1
       Distracted        |       |       |     1 |       ||     1
Armor: Robe              |    67 |    96 |   104 |    13 ||   280
       Skin              |       |       |    18 |       ||    18
       Acid dragon scale |       |       |       |    39 ||    39
Dodge: Dodged            |   122 |   108 |   128 |    61 ||   419

Table legend: (Time is in decaauts)
 A = Elapsed time spent in this place.
 B = Non-inter-level travel time spent in this place.
 C = Inter-level travel time spent in this place.
 D = Time resting spent in this place.
 E = Time spent auto-exploring this place.
 F = Levels seen in this place.
 G = Mean time per level.
                   A        B        C        D        E       F      G
               +--------+--------+--------+--------+--------+-----+--------+
         Total |   8644 |   8285 |    359 |     44 |   6115 |  12 |  720.3 |
       Dungeon |   7866 |   7526 |    340 |     44 |   5734 |  10 |  786.6 |
        Temple |    247 |    228 |     19 |      0 |    226 |   1 |  247.0 |
         Sewer |    530 |    530 |      0 |      0 |    154 |   1 |  530.0 |
               +--------+--------+--------+--------+--------+-----+--------+

Top non-repeatable levels by time:
     D:2: 1192 daAuts
     D:9: 1023 daAuts
     D:6: 913 daAuts
     D:7: 899 daAuts
     D:3: 806 daAuts
     D:8: 752 daAuts
     D:1: 735 daAuts
     D:4: 660 daAuts
   Sewer: 530 daAuts
     D:5: 491 daAuts
    D:10: 390 daAuts
  Temple: 247 daAuts
